cohdb
Replays
Latest Replays
All Replays
Popular Replays
Top Player Replays
Match Explorer
How It Works
Community
CoH3 Stats
Reddit
Sign in to upload your games and track your stats! →
Sign in with Steam
Match 47384066
Unlisted
Match 47384066
Overview
Messages
Build Orders
End
Engineer Squad
Construct Weapon Support Center
Selects Advanced Infantry Battlegroup
M1919 Machine Gun Team
Bazooka Squad
Bazooka Squad
.30 cal Machine Gun
Construct Barracks
Selects Convert to Ranger Squad
Riflemen Squad
Mechanized Support Center
M1919 Machine Gun Team
Selects Frontline Medical Station
Construct Motor Pool
Frontline Medical Station
Grenade Package
Improved M9 Bazooka Rockets
Selects Ammunition Storage
Riflemen Squad
Convert to Ranger Squad
M24 Chaffee Light Tank
.30 cal Machine Gun
M1918 Browning Automatic Rifles
Designate Forward Repair Station
Riflemen Squad
Selects M2A1 105mm Howitzer Emplacement
Selects Infantry Assault
Infantry Assault
Freeze
KoMoDЫ4
_Nemez_
Hauptmann GLIST
fervela99
PamarkCOH3
Mellow Elf
Potato Elf
0
0
Comments
sign in to comment!
No comments posted yet!